 Dungeon Crawl Stone Soup version 0.19-a0-994-g3c636f0 (webtiles) character file.

541 matakusis the Ducker (level 7, -7/55 HPs)
             Began as a Demonspawn Gladiator on July 16, 2016.
             Killed by divine providence
             ... invoked by an orc priest
              (10 damage)
             ... on level 4 of the Dungeon.
             The game lasted 00:10:17 (5281 turns).

matakusis the Ducker (Demonspawn Gladiator)         Turns: 5281, Time: 00:10:21

Health: -7/55      AC:  3    Str: 16    XL:     7   Next: 5%
Magic:  7/7        EV: 15    Int:  9    God:
Gold:   246        SH:  2    Dex: 17    Spells: 0 memorised, 6 levels left

rFire  . . .     SeeInvis .     a - +1 long sword
rCold  . . .     Gourm    .     b - +0 leather armour
rNeg   . . .     Faith    .     (no shield)
rPois  .         Spirit   .     (helmet restricted)
rElec  .         Dismiss  .     (no cloak)
rCorr  .         Reflect  +     (no gloves)
SustAt .         Harm     .     (no boots)
MR     .....     Clarity  +     x - +2 amulet of reflection
Stlth  +.........               (no ring)
                                (no ring)

@: drained, not resistant to hostile enchantments, very unstealthy
A: antennae 1, hooves 1, agile 1, clarity, foul stench 1, powered by death 1,
rot immunity
a: no special abilities


You were on level 4 of the Dungeon.
You were not hungry.

You visited 1 branch of the dungeon, and saw 4 of its levels.

You collected 246 gold pieces.

Inventory:

Hand Weapons
 a - a +1 long sword (weapon)
Missiles
 d - a throwing net (quivered)
Armour
 b - a +0 leather armour (worn)
 c - a +0 large shield
Jewellery
 x - a +2 amulet of reflection (around neck)
Wands
 r - a wand of digging (17/24)
 v - a wand of digging (8/24)
Scrolls
 l - 2 scrolls of teleportation
 m - 2 scrolls of enchant weapon
Potions
 s - a potion of might
 t - 3 potions of lignification
 u - 2 potions of ambrosia
 B - 3 potions of curing
 C - a potion of heal wounds {unknown}
Comestibles
 f - 4 bread rations
 g - a chunk of flesh
 h - 7 fruits
 n - 2 slices of pizza
 o - 2 meat rations
 z - a royal jelly


   Skills:
 * Level 4.4(4.1) Fighting
 + Level 4.0(3.7) Long Blades
 - Level 1.7(1.4) Throwing
 * Level 5.4(5.1) Dodging
 * Level 0.8(0.5) Shields


You had 6 spell levels left.
You didn't know any spells.

Dungeon Overview and Level Annotations

Branches:
Dungeon (4/15)
 Temple: D:4-7

Altars:
Fedhas


Innate Abilities, Weirdness & Mutations

You have a pair of small antennae on your head.
You may emit foul miasma when damaged in melee.
You regenerate a little health from kills.
You are immune to rotting.
You have large cloven feet.
You are agile. (Dex +2)
You possess an exceptional clarity of mind.


Message History

The orc priest shouts! x2
The orc priest looks braver for a moment.
Things that are here:
a flail of draining; a leather armour The orc priest invokes the aid of Beogh against you.
Beogh smites you! The orc priest hits you with a club.
The orc priest mumbles some strange prayers to Beogh against you.
Beogh smites you!
* * * LOW HITPOINT WARNING * * *
Things that are here:
a flail of draining; a leather armour You slash the orc priest!
The orc priest is severely wounded.
The orc priest mumbles some strange prayers to Beogh against you.
Pain shoots through your body!
* * * LOW HITPOINT WARNING * * *
The orc priest invokes the aid of Beogh against you.
Beogh smites you!
You die...

# ##.####.##.#...........
#.####.##.#.....###.#.
#.....................
############.###..##.#...########
...........#.........).....# #
##########.#.#####.####.##.# #
#.#)# #.# #.# .# #
#.#.#####.####.# #
#.#....@oo....<# #.#.#####.######
.#####.#.# #.# #.........# #..
#######.### #... #.# #.## #.. .#
### ##


You could see 2 orc priests.

Vanquished Creatures
  Edmund (D:4)
  3 hounds
  An orc wizard (D:4)
  An orc priest (D:4)
  Ijyb (D:3)
  2 worker ants (D:4)
  10 adders
  An ooze (D:2)
  2 worms (D:3)
  5 dart slugs
  A giant gecko (D:2)
  13 orcs
  7 bats
  3 giant cockroaches
  14 goblins
  8 hobgoblins
  A quokka (D:2)
  6 ball pythons
  2 giant newts
  7 kobolds
  A quokka skeleton (D:4)
  7 rats
97 creatures vanquished.

Notes
Turn   | Place    | Note
-------+----------+-------------------------------------------
     0 | D:1      | matakusis the Demonspawn Gladiator began the quest for the Orb.
     0 | D:1      | Reached XP level 1. HP: 16/16 MP: 1/1
     3 | D:1      | Noticed an electric eel
     3 | D:1      | Noticed an electric eel
   165 | D:1      | Gained mutation: You have a pair of small antennae on your head. [demonic ancestry]
   165 | D:1      | Reached XP level 2. HP: 12/22 MP: 2/2
   387 | D:1      | Reached skill level 3 in Dodging
  1077 | D:2      | Reached XP level 3. HP: 28/28 MP: 3/3
  1848 | D:2      | Gained mutation: You are immune to rotting. [demonic ancestry]
  1848 | D:2      | Reached XP level 4. HP: 24/34 MP: 4/4
  2703 | D:3      | Reached skill level 4 in Dodging
  2828 | D:3      | Noticed Ijyb
  2849 | D:3      | Killed Ijyb
  2849 | D:3      | Gained mutation: You regenerate a little health from kills. [demonic ancestry]
  2849 | D:3      | Reached XP level 5. HP: 26/41 MP: 5/5
  3455 | D:3      | Found a blossoming altar of Fedhas.
  3889 | D:3      | Gained mutation: You are agile. (Dex +2) [potion of mutation]
  3889 | D:3      | Gained mutation: You have large cloven feet. [potion of mutation]
  3889 | D:3      | Gained mutation: You possess an exceptional clarity of mind. [potion of mutation]
  3915 | D:4      | Reached XP level 6. HP: 29/48 MP: 6/6
  4224 | D:4      | Noticed Edmund
  4242 | D:4      | Killed Edmund
  4242 | D:4      | Reached skill level 5 in Dodging
  4961 | D:4      | Gained mutation: You may emit foul miasma when damaged in melee. [demonic ancestry]
  4961 | D:4      | Reached XP level 7. HP: 34/55 MP: 7/7
  5281 | D:4      | Killed from afar by an orc priest

Vault maps used:
D:1:      arrival_aquarium_b, st_stairs_4, serial_bayou_lagoon_b
D:3:      fedhas_altar_2, uniq_iyjb
D:4:      first_bread, uniq_edmund

Skill      XL: |  1  2  3  4  5  6 |
---------------+-------------------+-----
Long Blades    | 3 4 |  4.0
Dodging        | 3 4 5 |  5.4
Fighting       | 3 4 |  4.4
Throwing       | |  1.7
Shields        | |  0.8

Action                   |  1- 3 |  4- 6 |  7- 9 || total
-------------------------+-------+-------+-------++-------
Melee: Long sword        |   156 |   266 |    45 ||   467
       Kick              |       |    32 |    15 ||    47
Throw: Throwing net      |       |     2 |       ||     2
  Use: Scroll            |       |    12 |     1 ||    13
       Potion            |       |     1 |       ||     1
 Stab: Sleeping          |       |     1 |       ||     1
       Distracted        |       |     1 |       ||     1
       Held in net/web   |       |     1 |       ||     1
  Eat: Chunk             |     3 |    10 |     2 ||    15
Armor: Leather armour    |    31 |    27 |     2 ||    60
Dodge: Dodged            |    98 |   159 |    19 ||   276
Block: Other             |       |     3 |     3 ||     6
